Map: Blackburn LE

Players

Warthog - Winner!

  • Race: Terran Terran
  • League: Gold
  • Spawn Location: 7:00

SharpArch

  • Race: Terran Terran
  • Spawn Location: 5:00

VOD

Have the link to the VOD?

Description

Time

  • Played on: Nov. 2, 2021, 6:58 p.m.
  • Length: 9:28
Show
View Real Time Build Order
Export as new Build Order

Warthog Terran - Winner!

Build Orders:  

Get SALT Encoding   

  12  0:00  SCV  
  13  0:12  SCV  
  14  0:19  Supply Depot  
  14  0:25  SCV  
  15  0:40  SCV  
  15  0:42  Barracks  
  16  0:48  Refinery  
  16  0:52  SCV  
  17  1:05  SCV  
  18  1:17  SCV  
  19  1:30  Orbital Command  
  19  1:37  Barracks Reactor  
  19  1:49  Command Center  
  19  1:56  SCV  
  20  2:05  Supply Depot  
  20  2:09  SCV  
  20  2:14  Marine x2  
  23  2:26  SCV  
  24  2:31  Barracks  
  24  2:32  Barracks  
  24  2:35  Marine x2  
  26  2:45  SCV  
  26  2:48  Refinery  
  27  2:56  Marine x2  
  29  3:03  SCV  
  30  3:08  Orbital Command  
  30  3:13  Marine  
  30  3:14  Marine  
  30  3:15  SCV  
  30  3:19  Barracks Tech Lab  
  33  3:20  Barracks Tech Lab  
  33  3:27  SCV  
  33  3:31  Factory  
  33  3:34  SCV  
  35  3:40  Supply Depot, SCV  
  36  3:46  SCV  
  37  3:50  Stimpack, Combat Shield  
  37  3:52  SCV, Marine x2  
  40  3:58  SCV  
  40  3:59  Marine x2  
  43  4:04  SCV  
  44  4:10  SCV, Marine x2  
  44  4:16  SCV  
  48  4:20  Starport  
  48  4:21  Supply Depot, Factory Reactor  
  48  4:27  Supply Depot, SCV  
  48  4:29  SCV, Marine  
  48  4:30  Marine  
  52  4:33  Marine  
  53  4:39  SCV  
  53  4:40  Supply Depot  
  54  4:46  SCV  
  54  4:48  Marine  
  54  4:51  SCV  
  54  4:52  Marine x3  
  58  4:58  SCV  
  61  5:03  SCV  
  61  5:06  Marine  
  63  5:09  Medivac x2  
  63  5:10  Marine  
  63  5:12  SCV  
  69  5:15  Supply Depot  
  69  5:16  Factory Tech Lab  
  69  5:18  Command Center  
  69  5:24  Marauder x2, Marine  
  69  5:25  Concussive Shells  
  74  5:29  SCV  
  74  5:32  Refinery  
  74  5:35  Refinery  
  75  5:36  Siege Tank  
  75  5:37  Marine  
  75  5:41  Supply Depot, Marine  
  80  5:43  Supply Depot  
  80  6:00  SCV x2  
  80  6:01  Marine x2  
  80  6:02  Marine x2  
  86  6:06  Medivac  
  86  6:08  Siege Tank  
  91  6:12  SCV x2  
  93  6:19  Marine  
  93  6:24  SCV  
  93  6:25  SCV  
  96  6:32  Engineering Bay, Marine x2  
  98  6:33  Engineering Bay, Marauder  
  98  6:36  SCV, Armory  
  98  6:37  SCV  
  102  6:41  Supply Depot  
  102  6:42  Supply Depot  
  102  6:43  Marine  
  103  6:48  SCV  
  103  6:51  Marauder  
  106  6:58  Marauder, Marine  
  109  7:12  SCV  
  109  7:14  Orbital Command  
  111  7:15  SCV  
  111  7:17  Marine x3  
  111  7:18  Medivac, Siege Tank  
  111  7:19  Medivac  
  121  7:24  Supply Depot, SCV  
  121  7:25  Supply Depot, Terran Infantry Weapons Level 1  
  121  7:27  SCV, Terran Infantry Armor Level 1  
  123  7:44  Marine  
  123  7:45  Marine x2  
  126  7:52  Barracks x2  
  126  7:53  Supply Depot  
  126  7:54  Supply Depot  
  124  8:21  Supply Depot, Missile Turret  
  124  8:22  Supply Depot, SCV  
  124  8:23  SCV x2  
  124  8:24  Missile Turret  
  124  8:25  Missile Turret, Marine x4  
  131  8:27  Missile Turret  
  131  8:30  Refinery  
  131  8:31  Refinery  
  131  8:33  Factory  
  131  8:34  SCV, Factory  
  131  8:35  SCV x2  
  134  8:57  SCV x2  
  134  9:02  Supply Depot, Barracks Reactor x2  
  136  9:03  Marauder, Marine x3  
Show
View Real Time Build Order
Export as new Build Order

SharpArch Terran 

Build Orders: Reaper Expand 

Get SALT Encoding   

  12  0:00  SCV  
  13  0:12  SCV  
  14  0:17  Supply Depot  
  14  0:24  SCV  
  15  0:39  SCV  
  15  0:42  Barracks  
  16  0:45  Refinery  
  16  0:51  SCV  
  17  1:03  SCV  
  18  1:15  SCV  
  19  1:30  Orbital Command  
  19  1:32  Reaper  
  19  1:48  Command Center  
  19  1:57  SCV  
  20  2:04  Supply Depot  
  20  2:13  Barracks Reactor  
  20  2:18  SCV, Barracks  
  21  2:24  Refinery  
  21  2:30  SCV  
  22  2:45  SCV  
  23  2:51  Reaper  
  23  2:52  Reaper  
  23  2:57  SCV  
  26  2:59  Orbital Command  
  26  3:01  Refinery  
  26  3:06  Barracks Tech Lab  
  26  3:10  SCV  
  27  3:14  Factory  
  27  3:22  SCV  
  27  3:26  SCV  
  29  3:33  Stimpack  
  29  3:34  SCV, Marine x3  
  30  3:38  SCV  
  33  3:50  SCV  
  33  3:54  Engineering Bay  
  34  4:00  SCV, Factory Tech Lab  
  34  4:02  Marine  
  35  4:03  Marine x2  
  35  4:04  SCV  
  35  4:05  Starport  
  35  4:08  Supply Depot  
  39  4:12  SCV  
  39  4:16  SCV  
  41  4:20  Marine x2  
  41  4:21  Supply Depot  
  41  4:23  Marine  
  44  4:33  SCV x2  
  46  4:41  Missile Turret  
  46  4:44  Medivac  
  46  4:45  SCV, Siege Tank  
  52  4:46  Marine x2  
  52  4:49  SCV  
  55  4:56  Supply Depot  
  55  5:01  Marine  
  55  5:04  Marine  
  57  5:07  Supply Depot  
  57  5:08  SCV x2  
  57  5:11  Terran Infantry Weapons Level 1  
  57  5:13  Missile Turret  
  59  5:20  SCV  
  60  5:21  Supply Depot  
  60  5:37  Marine x2  
  60  5:38  Starport Reactor, Marine  
  60  5:39  Siege Tank  
  66  5:51  Command Center, SCV  
  66  5:52  SCV, Missile Turret  
  66  5:57  Missile Turret  
  57  6:12  SCV x2  
  58  6:22  Siege Tank, Marine  
  58  6:23  Marine x2  
  58  6:24  Combat Shield  
  64  6:25  Medivac  
  64  6:28  SCV x2  
  68  6:33  Supply Depot  
  68  6:40  SCV x2, Marine  
  69  7:07  SCV x2  
  72  7:09  Refinery, Missile Turret  
  72  7:11  Orbital Command  
  72  7:13  Missile Turret, Siege Tank  
  74  7:22  Marine  
  75  7:23  Marine x2  
  77  7:30  Barracks  
  77  7:31  Barracks x2  
  77  7:38  SCV x2  
  77  7:40  Marine  
  77  7:41  Marine  
  81  7:45  Medivac x2  
  85  7:58  Marine  
  86  8:19  Orbital Command  
  86  8:20  SCV x2  
  88  8:28  Barracks Reactor x2  
  88  8:29  Barracks Reactor  
  88  8:32  SCV x2  
  90  8:36  Engineering Bay  
  90  8:40  Armory  
  90  8:44  SCV x2, Sensor Tower  
  92  9:07  Marine x3  
  92  9:08  Marine x6  
Tags
 
Add a new tag
Caveats
  • Supply blocks, unpowered buildings, or Contaminate may cause inaccurate times.
  • Supply counts are checked every 10 seconds.